 Dungeon Crawl Stone Soup version 0.29.1-12-g30fa7ad0bf (webtiles) character file.

Game seed: 7205176183779648449

9 DemonSlayer the Digger (level 2, -1/19 HPs)
             Began as a Demonspawn Earth Elementalist on Jan 18, 2023.
             Slain by a jackal (2 damage)
             ... on level 3 of the Dungeon.
             The game lasted 00:01:10 (497 turns).

DemonSlayer the Digger (DsEE)                        Turns: 497, Time: 00:01:11

Health: -1/19      AC:  3    Str:  5 (8)  XL:     2   Next: 3%
Magic:  3/5        EV: 11    Int: 14 (16) God:
Gold:   13         SH:  0    Dex: 12 (13) Spells: 4/5 levels left

rFire   . . .      SeeInvis .   d - +0 club
rCold   . . .      Faith    .   (no shield)
rNeg    . . .      Spirit   .   c - +0 leather armour
rPois   .          Reflect  .   (no helmet)
rElec   .          Harm     .   (no cloak)
rCorr   .          Rampage  .   (no gloves)
Will    .....                   (no boots)
Stlth   ++........              (no amulet)
HPRegen 0.06/turn               (no ring)
MPRegen 0.09/turn               (no ring)

@: very slightly contaminated
A: weakness stinger 1
a: no special abilities


You were on level 3 of the Dungeon.
You visited 1 branch of the dungeon, and saw 3 of its levels.

You collected 13 gold pieces.

Inventory:

Hand Weapons
 d - a +0 club (weapon)
Armour
 c - a +0 leather armour (worn)
Scrolls
 a - a scroll of identify {unknown}
 e - a scroll of enchant weapon {unknown}
Potions
 f - a potion of degeneration


   Skills:
 + Level 1.7 Dodging
 + Level 1.9 Stealth
 + Level 2.2 Spellcasting
 + Level 0.8 Transmutations
 + Level 3.0 Earth Magic


You had 4 spell levels left.
You knew the following spells:

 Your Spells              Type           Power      Damage    Failure   Level
a - Sandblast             Erth           20%        2d7       11%         1

Your spell library contained the following spells:

 Spells                   Type           Power      Damage    Failure   Level
 Passwall                 Tmut/Erth      5%         N/A       26%         2
 Stone Arrow              Conj/Erth      10%        3d7       54%         3
 Petrify                  Tmut/Erth      7%         N/A       86%         4


Dungeon Overview and Level Annotations

Branches:
Dungeon (3/15)

Altars:


Innate Abilities, Weirdness & Mutations

You have a small tail.


Message History

Magic courses through your body. The giant cockroach misses you.
The jackal bites you but does no damage.
The jackal misses you.
The jackal bites you but does no damage.
The giant cockroach barely misses you.
You miscast Sandblast.
You are very lightly contaminated with residual magic.
Nothing appears to happen.
The jackal barely misses you. The jackal bites you.
The jackal closely misses you. The giant cockroach closely misses you.
The jackal bites you. The jackal barely misses you.
The jackal bites you but does no damage.
You are too injured to fight recklessly!
Casting: Sandblast (safe; 9% risk of failure)
Confirm with . or Enter, or press ? or * to list all spells.
Aiming: Sandblast (safe; 9% risk of failure)
Press: ? - help, Shift-Dir - straight line, f - jackal, p - giant cockroach
Aim: a jackal (77% to hit)
The blast of sand misses the jackal.
The jackal bites you but does no damage.
The jackal closely misses you. The jackal barely misses you.
The giant cockroach bites you but does no damage.
The jackal bites you but does no damage.
The jackal closely misses you. The jackal bites you.
The giant cockroach bites you.
* * * LOW HITPOINT WARNING * * *
Unknown command.
The jackal attacks as you move away! The jackal bites you.
* * * LOW HITPOINT WARNING * * *
The giant cockroach attacks as you move away!
The giant cockroach bites you.
* * * LOW HITPOINT WARNING * * *
It was a potion of degeneration.
There was something very wrong with that liquid.
You feel weakened.
You feel dopey.
You feel clumsy. The jackal barely misses you.
The jackal closely misses you. x2
The jackal barely misses you. The jackal closely misses you.
Okay, then.
The jackal attacks as you move away! The jackal barely misses you.
The jackal attacks as you move away! The jackal bites you.
You die...

......... ♣........
♣........ ######♣
♣♣........ #.....#
♣♣....[.... .. ##.....###
#.......... .. ........#
#......$... #.###.....#.#
#Bhh....... #.........#.#
#.@h....... #..._.....#.#
#.......... #.........#.#
#.......... .......####.#
#..........
.......####.###......>...
.......#....†............
.........................
.......#.................
##.....#.........#####...


You could see 3 jackals and a giant cockroach.

Vanquished Creatures
  A giant cockroach (D:3)
  A goblin (D:1)
  A jackal (D:3)
  2 bats (D:1)
  A frilled lizard (D:1)
  3 rats
9 creatures vanquished.

Notes
Turn   | Place    | Note
-------+----------+-------------------------------------------
     0 | D:1      | DemonSlayer the Demonspawn Earth Elementalist began the
                  | quest for the Orb.
     0 | D:1      | Reached XP level 1. HP: 13/13 MP: 3/3
   418 | D:3      | Found a faded altar of an unknown god.
   448 | D:3      | Reached skill level 3 in Earth Magic
   490 | D:3      | Gained mutation: You have a small tail. [demonic ancestry]
   490 | D:3      | Reached XP level 2. HP: 18/19 MP: 1/5
   497 | D:3      | Slain by a jackal

Illustrated notes

Levels and vault maps discovered:
D:1:      saegor_arrival_simple_c, layout_loops_corners, serial_shops,
          nicolae_shop_statue_plus
D:2:      layout_loops_ring, chequers_serial_rivers_marsh, corexii_corridor_pit,
          eino_tiny_chamber, kennysheep_generic_room_6, uniq_crazy_yiuf_cottage
D:3:      layout_basic, good_gods_mini_temple, basic_ecumenical_altar,
          uniq_jessica

Skill      XL: |  1 |
---------------+----+-----
Earth Magic    | 3 |  3.0
Dodging        | |  1.7
Stealth        | |  1.9
Spellcasting   | |  2.2
Transmutations | |  0.8

Action                   || total
-------------------------++-------
Melee: Club              ||     7
 Cast: Sandblast         ||    14
  Use: Potion            ||     2
Armor: Leather armour    ||    12
Dodge: Dodged            ||    38
